 Dungeon Crawl Stone Soup version 0.24-a0-584-g9d6b971ae4 (webtiles) character file.

Game seed: 1998032724632255753, levelgen mode: deterministic

8802 Dragon00 the Fighter (level 11, -3/153 HPs)
             Began as a Minotaur Berserker on Sept 2, 2019.
             Was an Elder of Trog.
             Slain by a death yak (10 damage)
             ... on level 10 of the Dungeon on Sept 6, 2019.
             The game lasted 00:57:22 (10921 turns).

Dragon00 the Fighter (Minotaur Berserker)          Turns: 10921, Time: 00:57:22

Health: -3/153     AC: 11    Str: 30    XL:     11   Next: 14%
Magic:  10/10      EV:  2    Int:  4    God:    Trog [****..]
Gold:   683        SH: 14    Dex: 13    Spells: 10/10 levels left

rFire    . . .     SeeInvis .   a - +5 hand axe (freeze)
rCold    . . .     Gourm    +   p - +1 large shield
rNeg     . . .     Faith    .   z - +0 plate armour
rPois    .         Spirit   .   (helmet restricted)
rElec    .         Reflect  .   (no cloak)
rCorr    .         Harm     .   q - +0 pair of gloves {archery}
MR       .....                  (no boots)
Stlth    ..........             v - amulet of the gourmand
HPRegen  0.35/turn              s - +3 ring of strength
MPRegen  0.12/turn              (no ring)

@: berserking (expiring), extremely drained, very quick
A: retaliatory headbutt, horns 2
a: Berserk, Trog's Hand, Brothers in Arms, Renounce Religion


You were on level 10 of the Dungeon.
You worshipped Trog.
Trog was greatly pleased with you.
You were very full.

You visited 2 branches of the dungeon, and saw 11 of its levels.
You also visited: Sewer and Ossuary.

You collected 761 gold pieces.
You spent 78 gold pieces at shops.

Inventory:

Hand Weapons
 a - a +5 hand axe of freezing (weapon)
 b - a +0 hunting sling
Missiles
 k - 83 sling bullets
Armour
 p - a +1 large shield (worn)
 q - a +0 pair of gloves of archery (worn)
 z - a +0 plate armour (worn)
Jewellery
 s - a +3 ring of strength (left hand)
 v - an amulet of the gourmand (around neck)
 x - the amulet "Bejeul" {RegenMP Fragile rPois rN+ Int+2}
   (You acquired it on level 9 of the Dungeon)

   [amulet of magic regeneration]

   It increases your magic regeneration.
   It affects your intelligence (+2).
   It protects you from poison.
   It protects you from negative energy.
   It will be destroyed if unequipped.
Wands
 C - a wand of digging (5)
Scrolls
 f - 2 scrolls of enchant weapon
 h - a scroll of vulnerability {unknown}
 j - 6 scrolls of teleportation
 l - 3 scrolls of remove curse
 u - a scroll of enchant armour
 y - 2 scrolls of noise
 A - a scroll of fog
 D - a scroll of holy word
 F - a scroll of blinking
Potions
 d - 2 potions of lignification
 e - a potion of magic
 g - a potion of invisibility
 i - 3 potions of might
 m - 11 potions of curing
 n - 4 potions of haste
 o - 2 potions of resistance
 r - 3 potions of brilliance
 w - a potion of cancellation
 B - 4 potions of heal wounds
Comestibles
 c - 27 rations


   Skills:
 * Level 11.0(0.0) Fighting
 * Level 11.0(0.0) Axes
 + Level 7.8(0.0) Armour
 + Level 7.2(0.0) Dodging
 * Level 10.0(0.0) Shields


You had 10 spell levels left.
You didn't know any spells.
Your spell library was empty.

Dungeon Overview and Level Annotations

Branches:
Dungeon (10/15)            Temple (1/1) D:7           Sewer (visited)
Ossuary (visited)
   Lair: D:8-11         Orc: D:9-12

Altars:
Ashenzari
Cheibriados
Dithmenos
Elyvilon
Fedhas
Gozag
Hepliaklqana
Kikubaaqudgha
Makhleb
Nemelex Xobeh
Okawaru
Qazlal
Ru
Sif Muna
Trog
Uskayaw
Vehumet
Wu Jian
Xom
Yredelemnul
Zin
The Shining One
Lugonu

Shops:
D:9 *

Annotations:
D:9 Sonja


Innate Abilities, Weirdness & Mutations

You reflexively headbutt those who attack you in melee.
You have a pair of horns on your head.


Message History

The death yak is lightly wounded.
You hit the death yak. You freeze the death yak.
You block the death yak's attack.
The death yak snorts and paws the ground.
The death yak gores you!
* * * LOW HITPOINT WARNING * * *
You completely miss the death yak.
The death yak is lightly wounded.
You hit the death yak. You freeze the death yak. The death yak gores you!!
* * * LOW HITPOINT WARNING * * *
A wraith comes into view.
You block the death yak's attack.
Your plate armour prevents you from hitting the death yak.
The death yak is lightly wounded.
You hit the death yak. You freeze the death yak.
You hit the death yak but do no damage. You block the death yak's attack.
You barely miss the death yak. You hit the death yak but do no damage.
You hit the death yak. You freeze the death yak. You hit the death yak.
You freeze the death yak. The death yak gores you!
You die...

▓..▓ ▓..▓ . ▓..▓ .. ▓..▓
... ▓..▓ ..).
▓▓▓▓▓▓▓▓▓▓..▓▓▓▓▓▓▓▓▓▓.....
▓..........................
▓..............YYY..W.W....
▓▓▓▓▓▓▓▓..▓▓▓▓▓Y@▓▓▓▓......
▓..▓ ▓..▓ ..▓▓▓▓ ▓..▓ ▓..▓
..▓ ▓..▓ ▓..▓ ..▓
▓▓▓▓▓▓▓..▓▓▓▓▓..▓▓▓▓..▓▓▓▓▓
....................>......
...........................
▓▓▓▓▓..▓▓▓▓▓▓............▓
▓..▓ ▓............▓


You could see 4 death yaks and 2 wraiths.

Vanquished Creatures
  Harold (D:9)
  A death yak (D:10)
  3 two-headed ogres
  An unseen horror (D:7)
  Pikel (D:5)
  Joseph (D:9)
  A merfolk (D:10)
  Sigmund (D:4)
  A steam dragon (D:10)
  Grum (D:9)
  Edmund (D:6)
  Duvessa (D:4)
  A water moccasin (D:10)
  2 sky beasts (D:6)
  3 orc warriors
  An eye of draining (D:8)
  3 ice beasts
  An ogre (D:6)
  2 wolves (D:9)
  A phantom (D:9)
  4 centaurs
  A crocodile (D:9)
  A big kobold (D:9)
  5 bullfrogs
  Dowan (D:4)
  5 wights (D:9)
  3 centaur zombies
  3 crimson imps
  A quasit (D:10)
  3 bullfrog skeletons
  3 hounds
  2 orc priests
  3 jellies
  9 orc wizards
  An iguana (D:7)
  4 worker ants
  Natasha (twice) (D:3)
  2 big kobold zombies (Ossuary)
  6 mummies (Ossuary)
  A hound skeleton (D:10)
  A howler monkey skeleton (D:8)
  13 adders
  A river rat (D:6)
  2 shadow imps
  2 oozes
  2 worms
  2 dart slugs
  9 leopard geckos
  28 orcs
  5 ball pythons
  6 bats
  9 giant cockroaches
  7 goblins
  7 hobgoblins
  14 jackals
  14 kobolds
  4 quokkas
  6 frilled lizards
  A giant cockroach zombie (D:6)
  5 hobgoblin zombies (Ossuary)
  A jackal skeleton (D:4)
  2 quokka zombies
  5 rats
  4 plants (Sewer)
238 creatures vanquished.

Vanquished Creatures (others)
  A plant (Sewer)
1 creature vanquished.

Grand Total: 239 creatures vanquished

Notes
Turn   | Place    | Note
-------+----------+-------------------------------------------
     0 | D:1      | Dragon00 the Minotaur Berserker began the quest for the
                  | Orb.
     0 | D:1      | Reached XP level 1. HP: 19/19 MP: 0/0
   122 | D:1      | Reached XP level 2. HP: 27/27 MP: 1/1
   642 | D:1      | Reached XP level 3. HP: 33/33 MP: 2/2
   890 | D:2      | Reached ** piety under Trog
   945 | D:2      | Found a shadowy altar of Dithmenos.
  1056 | D:2      | Reached XP level 4. HP: 40/41 MP: 3/3
  1542 | D:3      | Noticed Natasha
  1549 | D:3      | Killed Natasha
  1707 | D:3      | Noticed Natasha
  1718 | D:3      | Killed Natasha
  1718 | D:3      | Reached skill level 1 in Shields
  1718 | D:3      | Reached XP level 5. HP: 39/47 MP: 4/4
  1997 | D:3      | Found a shattered altar of Ashenzari.
  2482 | D:4      | Noticed Duvessa
  2482 | D:4      | Noticed Dowan
  2493 | D:4      | Reached skill level 5 in Axes
  2497 | D:4      | Killed Duvessa
  2497 | D:4      | Reached skill level 5 in Fighting
  2497 | D:4      | Reached XP level 6. HP: 52/56 MP: 5/5
  2514 | D:4      | Killed Dowan
  2735 | D:4      | Found a glowing golden altar of the Shining One.
  2735 | D:4      | Found a faded altar of an unknown god.
  2741 | D:4      | Found a faded altar of an unknown god.
  2743 | D:4      | Found an ancient bone altar of Kikubaaqudgha.
  2745 | D:4      | Found a glowing silver altar of Zin.
  2838 | D:4      | Noticed Sigmund
  2857 | D:4      | Killed Sigmund
  2857 | D:4      | Reached XP level 7. HP: 62/62 MP: 6/6
  2972 | D:4      | Found a sacrificial altar of Ru.
  3499 | D:5      | Entered Level 5 of the Dungeon
  3686 | D:5      | Noticed Pikel
  3892 | D:5      | Killed Pikel
  3892 | D:5      | Reached skill level 5 in Shields
  3892 | D:5      | Reached XP level 8. HP: 71/71 MP: 7/7
  4014 | D:5      | Reached skill level 5 in Armour
  4289 | D:6      | Found a glowing drain.
  4294 | Sewer    | Entered a sewer
  4494 | Sewer    | Reached *** piety under Trog
  5263 | D:6      | Found a snail-covered altar of Cheibriados.
  5362 | D:6      | Noticed Edmund
  5386 | D:6      | Killed Edmund
  5386 | D:6      | Reached skill level 5 in Dodging
  5548 | D:6      | Found an ornate altar of the Wu Jian Council.
  5708 | D:7      | Reached XP level 9. HP: 78/81 MP: 8/8
  5996 | D:7      | Found a basalt altar of Yredelemnul.
  6057 | D:7      | Found a staircase to the Ecumenical Temple.
  6070 | Temple   | Entered the Ecumenical Temple
  6287 | D:7      | Killed an unseen horror
  6533 | D:7      | Found a radiant altar of Vehumet.
  6552 | D:7      | Found an iron altar of Okawaru.
  6942 | D:8      | Found a sand-covered staircase.
  6948 | Ossuary  | Entered an ossuary
  6955 | Ossuary  | Reached **** piety under Trog
  7149 | D:8      | Found a white marble altar of Elyvilon.
  7210 | D:8      | Found a shimmering blue altar of Sif Muna.
  7373 | D:8      | Noticed a two-headed ogre
  7386 | D:8      | Killed a two-headed ogre
  7386 | D:8      | Reached XP level 10. HP: 54/91 MP: 9/9
  7559 | D:8      | You fall into a shaft and drop 1 floor!
  7566 | D:9      | Noticed Joseph
  7592 | D:9      | Killed Joseph
  7949 | D:8      | Lost intelligence.
  8219 | D:9      | Noticed a two-headed ogre
  8236 | D:9      | Killed a two-headed ogre
  8236 | D:9      | Reached skill level 10 in Fighting
  8236 | D:9      | Reached skill level 10 in Axes
  8601 | D:9      | Noticed Grum
  8627 | D:9      | Killed Grum
  8761 | D:9      | Noticed Harold
  8784 | D:9      | Killed Harold
  8954 | D:9      | Found Daphuama's Assorted Antiques.
  8984 | D:9      | Bought a scroll labeled KULILY RUQUHIG for 26 gold pieces
  8986 | D:9      | Got a glittering jade amulet
  8987 | D:9      | Bought a scroll of identify for 52 gold pieces
  8987 | D:9      | Identified the amulet "Bejeul" {RegenMP Fragile rPois rN+
                  | Int+2} (You acquired it on level 9 of the Dungeon)
  9113 | D:10     | Entered Level 10 of the Dungeon
  9113 | D:10     | Noticed Sonja
  9618 | D:9      | Found Daphuama's Assorted Antiques.
  9896 | D:10     | Noticed a two-headed ogre
  9904 | D:10     | Killed a two-headed ogre
  9928 | D:10     | HP: 4/94 [orc (2)]
  9966 | D:10     | HP: 4/94 [poisoned by a kobold]
 10369 | D:10     | Reached XP level 11. HP: 32/101 MP: 10/10
 10894 | D:10     | Noticed a death yak
 10905 | D:10     | Noticed a death yak
 10908 | D:10     | Noticed a death yak
 10912 | D:10     | Noticed a death yak
 10912 | D:10     | Noticed a death yak
 10917 | D:10     | Killed a death yak
 10917 | D:10     | Reached skill level 10 in Shields
 10919 | D:10     | HP: 7/153 [death yak (23)]
 10921 | D:10     | Slain by a death yak

Levels and vault maps discovered:
D:1:      minmay_arrival_stone_box, layout_basic, serial_glass, glass_columns_a,
          glass_columns_a, st_stairs_1
D:2:      layout_rooms, nicolae_dithmenos_through_a_glass_darkly, first_ration
D:3:      layout_basic, nicolae_overflow_hidden_temple, uniq_natasha
D:4:      layout_basic, lemuel_doored_altar,
          chequers_temple_overflow_minitemple, uniq_sigmund, uniq_duvessa
D:5:      layout_rooms, feat_on_display, uniq_pikel
D:6:      layout_rooms, nicolae_overflow_crystal_walls,
          overflow_temple_1_default, gup_sewer_entry_bowl, uniq_edmund
D:7:      layout_loops_ring, yredelemnul_altar_generic, kennysheep_little_box,
          marbit_many_paths, minmay_temple_entry_statues_fountains
D:8:      layout_loops_corners, kennysheep_mini_moat, tgw_sif,
          nicolae_ossuary_entry_plus
D:9:      layout_gridville, serial_shops, shop_fountains, uniq_grum,
          uniq_harold, uniq_joseph
D:10:     layout_small_grid, dpeg_lair_monsters, orc_0_dummy,
          hangedman_fish_farm, uniq_josephine, uniq_sonja
Temple:   corrupted_temple

Skill      XL: |  1  2  3  4  5  6  7  8  9 10 11 |
---------------+----------------------------------+-----
Fighting       | 4 5 6 8 9 10 11 | 11.0
Axes           | 4 5 6 7 8 9 10 11 | 11.0
Armour         | 3 4 5 6 7 |  7.8
Dodging        | 3 4 5 6 7 |  7.2
Shields        | 1 2 3 5 6 8 9 10 | 10.0

Action                   |  1- 3 |  4- 6 |  7- 9 | 10-12 || total
-------------------------+-------+-------+-------+-------++-------
Melee: Hand axe          |    63 |   103 |   494 |   289 ||   949
       Headbutt          |     5 |    22 |   122 |    73 ||   222
Throw: Javelin           |    24 |    13 |    23 |     2 ||    62
Invok: Trog's Hand       |       |     3 |     3 |     1 ||     7
       Berserk           |       |       |     2 |     3 ||     5
       Brothers in Arms  |       |       |       |     1 ||     1
  Use: Scroll            |       |    12 |    11 |     6 ||    29
       Potion            |       |       |       |     1 ||     1
  Eat: Chunk             |       |    10 |    30 |    14 ||    54
Armor: Animal skin       |     1 |       |       |       ||     1
       Chain mail        |    31 |    46 |   141 |   209 ||   427
       Plate armour      |       |       |       |    15 ||    15
Dodge: Dodged            |    35 |    17 |    36 |    51 ||   139
Block: Large shield      |       |    62 |   262 |   308 ||   632

Table legend:
 A = Non-vault XP
 B = Vault XP
 C = Vault XP percentage of total XP
 D = Non-vault monster count
 E = Vault monster count
 F = Vault count percentage of total count
                 A         B        C        D         E       F
            +---------+---------+-------+---------+---------+-------
      Total |    7815 |    4760 |  37.9 |     181 |      53 |  22.6
            +---------+---------+-------+---------+---------+-------
        D:1 |      37 |       4 |   9.8 |      21 |       2 |   8.7
        D:2 |      61 |       0 |   0.0 |      16 |       0 |   0.0
        D:3 |     110 |      35 |  24.1 |      16 |       1 |   5.9
        D:4 |     176 |     454 |  72.1 |      12 |       3 |  20.0
        D:5 |     315 |     663 |  67.8 |      21 |       1 |   4.5
        D:6 |     565 |     181 |  24.3 |      10 |       4 |  28.6
        D:7 |    1407 |       3 |   0.2 |      17 |       1 |   5.6
        D:8 |    1782 |      40 |   2.2 |      17 |       1 |   5.6
        D:9 |    2010 |    1838 |  47.8 |      31 |       5 |  13.9
       D:10 |    1352 |    1217 |  47.4 |      20 |       2 |   9.1
      Sewer |       0 |      62 | 100.0 |       0 |      18 | 100.0
    Ossuary |       0 |     263 | 100.0 |       0 |      15 | 100.0
            +---------+---------+-------+---------+---------+-------
